 Dungeon Crawl Stone Soup version 0.31-a0-319-g4fced400ed (webtiles) character file.

Game seed: 14796462968808391538

7868 ragingrage the Grappler (level 11, -12/105 HPs)
             Began as a Troll Shapeshifter on July 17, 2023.
             Was a Priest of Ru.
             Killed by an exploding unseen horror (22 damage)
             ... ignited by their inner flame
             ... on level 10 of the Dungeon.
             The game lasted 00:09:57 (7920 turns).

ragingrage the Grappler (Troll Shapeshifter)        Turns: 7920, Time: 00:09:58

Health: -12/105    AC:  7    Str: 28 (29) XL:     11   Next: 2%
Magic:  10/10      EV:  9    Int:  1 (4)  God:    Ru [***...]
Gold:   240        SH:  0    Dex:  7 (10) Spells: 10/10 levels left

rFire   . .          .
                       - Unarmed
rCold   + . .        (no shield)
rNeg    . . .        N - +0 steam dragon scales
rPois   .            (helmet currently unavailable)
rElec   .            (cloak currently unavailable)
rCorr   +            (gloves unavailable)
SInv    .            (boots unavailable)
Will    .....        Q - amulet of magic regeneration
Stlth   +            l - ring of protection from cold
HPRegen 1.17/turn    A - ring of resist corrosion
MPRegen 0.52/turn

%: no passive effects
@: beast-form
A: beast (slay +4), large, unfitting armour, claws 3, regeneration 1, shaggy fur
1, tough skin 1, hated by all, weak-willed 1
a: Begin Untransformation, Renounce Religion, Draw Out Power


You were on level 10 of the Dungeon.
You worshipped Ru.
Ru was most pleased with you.
You were a hulking beast.
You visited 2 branches of the dungeon, and saw 11 of its levels.

You collected 528 gold pieces.
You spent 288 gold pieces at shops.

Inventory:

Hand Weapons
 v - the +10 short sword of the Slime-mould {flame, rElec rN+ Str+3}
   (You found it on level 4 of the Dungeon)

   Str:       It affects your strength (+3).
   rElec:     It insulates you from electricity.
   rN:        It protects you from negative energy.
Missiles
 d - 22 poisoned darts (quivered)
 B - 3 silver boomerangs
 F - 11 atropa-tipped darts
 H - 7 throwing nets
 I - a javelin
Armour
 w - the +2 robe of the Stone Wall {Fly rF+ Will+}
   (You found it on level 4 of the Dungeon)

   rF:        It protects you from fire.
   Fly:       It grants you flight.
   Will:      It increases your willpower.
 L - a +0 cloak
 N - +0 steam dragon scales (worn)
 O - a +0 cloak
Jewellery
 l - a ring of protection from cold (left claw)
 u - a ring of ice
 y - a ring of protection from cold
 A - a ring of resist corrosion (right claw)
 Q - an amulet of magic regeneration (around neck)
 R - a ring of flight
Talismans
 c - a beast talisman
 J - a blade talisman
Wands
 h - a wand of digging (3)
 i - a wand of iceblast (15)
 C - a wand of polymorph (8)
 D - a wand of flame (23)
 G - a wand of light (8)
 K - a wand of mindburst (14)
Scrolls
 a - a scroll of noise {unknown}
 e - 3 scrolls of identify
 f - a scroll of immolation
 g - 6 scrolls of revelation
 j - 2 scrolls of enchant armour {unknown}
 k - 2 scrolls of enchant weapon {unknown}
 n - 2 scrolls of fog {unknown}
 p - 2 scrolls of silence {unknown}
 s - 5 scrolls of teleportation {unknown}
 E - 2 scrolls of poison {unknown}
 P - a scroll of vulnerability {unknown}
 S - a scroll of blinking {unknown}
 T - a scroll of brand weapon {unknown}
Potions
 b - a potion of haste {unknown}
 m - a potion of might
 o - a potion of mutation {unknown}
 q - a potion of resistance
 r - 3 potions of attraction
 t - 3 potions of ambrosia
 x - a potion of invisibility
 z - 2 potions of enlightenment
 M - a potion of curing {unknown}


   Skills:
 + Level 6.0 Fighting
 + Level 5.2 Throwing
 - Level 1.5 Dodging
 + Level 12.8 Unarmed Combat
 + Level 6.5 Shapeshifting


You had 10 spell levels left.
You didn't know any spells.
Your spell library contained the following spells:

 Spells                   Type           Power      Damage    Failure   Level
 Magic Dart               Conj           0%         1d3       56%         1
 Slow                     Hex            0%         N/A       56%         1
 Confusing Touch          Hex            0%         N/A       91%         3
 Mephitic Cloud           Conj/Pois/Air  0%         N/A       91%         3
 Vampiric Draining        Necr           0%         2d6       91%         3
 Borgnjor's Vile Clutch   Necr/Erth      0%         N/A       100%        5
 Call Imp                 Summ           Unusable   N/A       N/A         2
 Animate Dead             Necr           Unusable   N/A       N/A         4
 Death Channel            Necr           Unusable   N/A       N/A         6

Dungeon Overview and Level Annotations

Branches:
Dungeon (10/15)            Temple (1/1) D:4            Lair (0/5) D:9
    Orc: D:9-12

Altars:
Ashenzari
Cheibriados
Dithmenos
Elyvilon
Gozag
Kikubaaqudgha
Makhleb
Nemelex Xobeh
Okawaru
Qazlal
Ru
Trog
Uskayaw
Vehumet
Wu Jian
Xom
Zin
The Shining One

Shops:
D:7 (


Innate Abilities, Weirdness & Mutations

You are a hulking beast.
Your limbs bulge with bestial killing power. (Slay +4)
You are too large for most types of armour.
You have claws for hands.
Your natural rate of healing is unusually fast.
You are covered in fur. (AC +1)
You have tough skin. (AC +1)
You are hated by all.
You are slightly weak-willed. (Will-)


Message History

The gnoll sergeant burns you.
The basilisk begins to attack, but is stunned by your conviction!
Something hits you but does no damage.
The gnoll sergeant hits you from afar with a +0 trident of flaming.
The gnoll sergeant burns you.
The basilisk begins to attack, but is stunned by your conviction!
You turn to flesh and can move again.
Unknown command.
Unknown command.
Unknown command.
Unknown command.
Unknown command.
Unknown command.
Unknown command.
Unknown command.
Unknown command.
Unknown command.
Unknown command.
Unknown command.
Unknown command.
Unknown command.
As you read the scroll labelled AHUAWU WIGAFOA, it crumbles to dust.
The creatures around you are filled with an inner flame!
It was a scroll of immolation.
Something hits you.
The gnoll sergeant hits you but does no damage.
The basilisk bites you!
You mangle the basilisk!!
Flame seeps out of the basilisk.
Something hits you.
You mangle the basilisk!!
The basilisk explodes!
The fiery explosion engulfs you!!!
* * * LOW HITPOINT WARNING * * *
The fiery explosion engulfs something!!
Flame seeps out of something.
You are engulfed in blazing flames.
* * * LOW HITPOINT WARNING * * *
Flame seeps out of something.
Reactivating autopickup.
You feel a bit more experienced.
The unseen horror explodes!
The fiery explosion engulfs you!!
You die...

.....................##
...#................#..
..###................#.
...#.................#
....................##
.....................#
....................##
....................#
#...........####h§###
...........# #○§#
.........# §§§g#
........# .....(#
....... +......+ ....
+.....(+ #......#
$#....#.


You could see a gnoll sergeant (inner flame).

Vanquished Creatures
  A two-headed ogre (D:9)
  An unseen horror (D:10)
  Grinder (D:6)
  A hornet (D:9)
  A shadow (D:10)
  12 yaks
  A vampire (D:9)
  A wraith (D:7)
  3 wyverns
  A basilisk (D:10)
  Eustachio (D:6)
  2 steam dragons (D:8)
  Menkaure (D:6)
  Edmund (D:5)
  2 water moccasins
  Duvessa (D:6)
  3 orc warriors
  3 black bears
  A sky beast (D:7)
  3 ogres
  A centaur (D:9)
  3 kobold brigands
  4 phantoms
  3 bullfrogs
  2 scorpions (D:6)
  2 gnoll sergeants
  4 wights (D:8)
  Dowan (D:6)
  4 killer bees (D:9)
  3 howler monkeys
  A jelly (D:6)
  8 orc priests
  A sleepcap (D:4)
  2 iguanas
  Natasha (thrice) (D:4)
  5 orc wizards
  11 gnolls
  5 adders
  2 shadow imps (D:5)
  2 white imps
  An ufetubus (D:5)
  2 worms (D:2)
  2 dart slugs
  21 orcs
  10 endoplasms
  3 giant cockroaches
  9 goblins
  6 hobgoblins
  2 jackals (D:1)
  18 kobolds
  3 quokkas
  3 training dummies (D:7)
  A ball python (D:1)
  10 bats
  3 frilled lizards
  3 rats
205 creatures vanquished.

Vanquished Creatures (others)
  A yak (D:9)
  2 kobolds
3 creatures vanquished.

Grand Total: 208 creatures vanquished

Notes
Turn   | Place    | Note
-------+----------+-------------------------------------------
     0 | D:1      | ragingrage the Troll Shapeshifter began the quest for the
                  | Orb.
     0 | D:1      | Reached XP level 1. HP: 19/19 MP: 0/0
   109 | D:1      | Reached XP level 2. HP: 27/27 MP: 1/1
   707 | D:2      | Reached XP level 3. HP: 33/33 MP: 2/2
   778 | D:2      | Reached skill level 3 in Unarmed Combat
   930 | D:2      | Noticed an ogre
   935 | D:2      | Killed an ogre
   936 | D:2      | Reached XP level 4. HP: 41/41 MP: 3/3
  1046 | D:2      | Reached skill level 4 in Unarmed Combat
  1046 | D:2      | Reached XP level 5. HP: 40/48 MP: 4/4
  2046 | D:4      | You fall into a shaft and drop 2 floors!
  2217 | D:6      | Noticed Menkaure
  2227 | D:6      | Killed Menkaure
  2228 | D:6      | Reached skill level 5 in Unarmed Combat
  2228 | D:6      | Reached XP level 6. HP: 25/55 MP: 5/5
  2294 | D:6      | Reached skill level 6 in Unarmed Combat
  2419 | D:6      | Noticed Grinder
  2421 | D:6      | Paralysed by Grinder for 2 turns
  2423 | D:6      | Noticed Dowan
  2424 | D:5      | Entered Level 5 of the Dungeon
  2653 | D:5      | Reached XP level 7. HP: 46/62 MP: 6/6
  2674 | D:4      | Identified the +10 short sword of the Slime-mould {flame,
                  | rElec rN+ Str+3}
  2676 | D:4      | Identified the +2 robe of the Stone Wall {Fly rF+ Will+}
  2716 | D:4      | Reached skill level 7 in Unarmed Combat
  2818 | D:4      | Found a staircase to the Ecumenical Temple.
  2830 | Temple   | Entered the Ecumenical Temple
  2865 | Temple   | Became a worshipper of Ru the Awakened
  2980 | D:4      | Noticed Natasha
  2985 | D:4      | Killed Natasha
  3071 | D:4      | Found a snail-covered altar of Cheibriados.
  3071 | D:4      | Noticed Natasha
  3073 | D:4      | Killed Natasha
  3079 | D:4      | Reached skill level 8 in Unarmed Combat
  3123 | D:4      | Noticed Natasha
  3134 | D:4      | Killed Natasha
  3244 | D:4      | Reached XP level 8. HP: 59/70 MP: 7/7
  3563 | D:5      | Reached skill level 9 in Unarmed Combat
  3696 | D:5      | Noticed Edmund
  3717 | D:5      | Killed Edmund
  3887 | D:6      | Noticed Eustachio
  4152 | D:6      | Killed Eustachio
  4153 | D:6      | Reached skill level 10 in Unarmed Combat
  4224 | D:6      | Found a hide-covered altar of Uskayaw.
  4241 | D:6      | Gained mutation: You are hated by all. [Ru sacrifice]
  4241 | D:6      | Reached * piety under Ru
  4317 | D:6      | Killed Grinder
  4394 | D:6      | Reached skill level 11 in Unarmed Combat
  4454 | D:6      | Noticed Duvessa
  4463 | D:6      | Killed Duvessa
  4481 | D:6      | Killed Dowan
  4482 | D:6      | Reached XP level 9. HP: 56/79 MP: 8/8
  4789 | D:7      | Found an ornate altar of the Wu Jian Council.
  4876 | D:7      | Found Geines's Firing Range.
  4883 | D:7      | Bought 2 throwing nets for 96 gold pieces
  4883 | D:7      | Bought a throwing net for 48 gold pieces
  4883 | D:7      | Bought 2 throwing nets for 96 gold pieces
  4883 | D:7      | Bought a throwing net for 48 gold pieces
  5020 | D:7      | Reached skill level 1 in Throwing
  5036 | D:7      | Found an iron altar of Okawaru.
  5562 | D:8      | Reached skill level 5 in Shapeshifting
  5734 | D:8      | Reached skill level 12 in Unarmed Combat
  5768 | D:8      | Found a white marble altar of Elyvilon.
  5978 | D:8      | Found a bloodstained altar of Trog.
  5984 | D:8      | Reached XP level 10. HP: 94/94 MP: 9/9
  6232 | D:8      | Gained mutation: You are slightly weak-willed. (Will-) [Ru
                  | sacrifice]
  6232 | D:8      | Reached ** piety under Ru
  6232 | D:8      | Reached *** piety under Ru
  6478 | D:9      | Found a burning altar of Makhleb.
  6478 | D:9      | Found a stormy altar of Qazlal.
  6673 | D:9      | Reached skill level 5 in Fighting
  6926 | D:9      | Found a staircase to the Lair.
  7194 | D:9      | Found a glowing golden altar of the Shining One.
  7347 | D:10     | Entered Level 10 of the Dungeon
  7627 | D:10     | Noticed a two-headed ogre
  7638 | D:9      | Killed a two-headed ogre
  7639 | D:9      | Reached skill level 5 in Throwing
  7767 | D:10     | Reached XP level 11. HP: 105/105 MP: 10/10
  7920 | D:10     | Killed by an exploding unseen horror... ignited by their
                  | inner flame

Illustrated notes

Levels and vault maps discovered:
D:1:      onia_arrival_pyramid, layout_basic
D:2:      layout_basic
D:3:      layout_loops_corners, serial_bayou_pond_a
D:4:      layout_basic, lemuel_coloured_pillars_altar, temple_pool_b,
          uniq_natasha
D:5:      layout_loops_ring, solitary_fountain, uniq_edmund
D:6:      layout_loops_ring, eat_drink_and_be_merry_uskayaw,
          columned_hall_lemuel, chequers_serial_rivers_micro_a,
          chequers_serial_rivers_room_a, minmay_stone_trees_small,
          uniq_menkaure, uniq_grinder, uniq_duvessa, uniq_eustachio
D:7:      layout_basic, mainiacjoe_overflow_24_doors,
          nicolae_wu_jian_wuxing_cycle, nicolae_shop_firing_range
D:8:      layout_layer_cave, elyvilon_altar_4, mainiacjoe_overflow_alcove_1,
          kennysheep_little_box
D:9:      layout_basic, grunt_temple_overflow_open, kennysheep_mini,
          david_lair_generic
D:10:     layout_big_octagon, lemuel_crystal_altar, lightli_fourway_metalbox
Temple:   bh_familiar_temple

Skill      XL: |  1  2  3  4  5  6  7  8  9 10 11 |
---------------+----------------------------------+-----
Unarmed Combat | 3 4 5 6 8 11 12 | 12.8
Shapeshifting  | 4 5 6 |  6.5
Fighting       | 2 4 5 6 |  6.0
Throwing       | 3 5 |  5.2
Dodging        | |  1.5

Action                     |  1- 3 |  4- 6 |  7- 9 | 10-12 || total
---------------------------+-------+-------+-------+-------++-------
  Melee: Unarmed           |    69 |    56 |   244 |   134 ||   503
         Punch             |       |     3 |     9 |     7 ||    19
  Throw: Dart              |       |       |     5 |    10 ||    15
 Invoke: Sacrifice Love    |       |       |     1 |       ||     1
         Sacrifice Essence |       |       |       |     1 ||     1
Ability: Begin Untransform |       |       |     1 |       ||     1
  Evoke: Wand              |       |       |       |     2 ||     2
    Use: Scroll            |       |       |     4 |     1 ||     5
         Potion            |       |       |       |     6 ||     6
   Stab: Sleeping          |     1 |     1 |       |       ||     2
         Invisible         |       |       |       |     1 ||     1
 Armour: Animal skin       |    20 |    12 |     4 |       ||    36
         Robe              |       |       |    44 |       ||    44
         Skin              |       |       |       |   105 ||   105
         Steam dragon scal |       |       |       |    40 ||    40
  Dodge: Dodged            |    25 |    15 |    86 |    48 ||   174
   Form: Beast             |       |       |     2 |       ||     2
         Blade             |       |       |     1 |       ||     1

Table legend: (Time is in decaauts)
 A = Elapsed time spent in this place.
 B = Non-inter-level travel time spent in this place.
 C = Inter-level travel time spent in this place.
 D = Time resting spent in this place.
 E = Time spent auto-exploring this place.
 F = Levels seen in this place.
 G = Mean time per level.
                   A        B        C        D        E       F      G
               +--------+--------+--------+--------+--------+-----+--------+
         Total |   7831 |   7492 |    339 |    733 |   5432 |  11 |  711.9 |
       Dungeon |   7766 |   7484 |    282 |    733 |   5432 |  10 |  776.6 |
        Temple |     64 |      8 |     56 |      0 |      0 |   1 |   64.0 |
               +--------+--------+--------+--------+--------+-----+--------+

Top non-repeatable levels by time:
     D:6: 1243 daAuts
     D:9: 1179 daAuts
     D:8: 973 daAuts
     D:3: 827 daAuts
     D:5: 714 daAuts
     D:1: 688 daAuts
     D:7: 672 daAuts
     D:4: 649 daAuts
     D:2: 505 daAuts
    D:10: 313 daAuts
  Temple: 64 daAuts
